[Event "Titled Tuesday Blitz November 08 Late 2022"]
[White "Ramirez, Maria Eugenia"]
[Black "Ansh M Shah"]
[WhiteFideId "3301680"]
[BlackFideId "25033379"]
[WhiteElo "1941"]
[BlackElo "2084"]
[Result "1-0"]
[Round "09"]
[TimeControl "180+1"]
[Date "2022.11.09"]
[WhiteClock "0:01:34"]
[BlackClock "0:01:09"]

1. e4 c6 2. d4 d5 3. exd5 cxd5 4. c4 Nf6 5. Nc3 Nc6 6. Nf3 Bf5 7. Bg5 e6 8. cxd5 exd5 9. Bxf6 gxf6 10. Bd3 Be6 11. Qb3 Qb6 12. Qxb6 axb6 13. O-O Bd6 14. Rfe1 Kd7 15. a3 h6 16. Rac1 Rhc8 17. Ne2 Na5 18. Ng3 Bxg3 19. hxg3 Nb3 20. Rcd1 Kd6 21. Re2 Bg4 22. Bb1 Rc4 23. Ba2 Bxf3 24. gxf3 Rxd4 25. Bxb3 Rxd1+ 26. Bxd1 Rc8 27. Rd2 Rc1 28. Kg2 Ke5 29. f4+ Ke4 30. Bf3+ Kf5 31. Rxd5+ Ke6 32. Rb5 1-0


[Site "https://www.chess.com"]

[Event "Titled Tuesday Blitz November 08 Late 2022"]
[White "Rodriguez Fontecha, Marcos"]
[Black "Bernat, David"]
[WhiteFideId "2256576"]
[BlackFideId "2099225"]
[WhiteElo "2263"]
[BlackElo "2346"]
[Result "1-0"]
[Round "09"]
[TimeControl "180+1"]
[Date "2022.11.09"]
[WhiteClock "0:00:09"]
[BlackClock "0:00:16"]

1. d4 Nf6 2. Nf3 d5 3. g3 g6 4. Bg2 Bg7 5. c4 O-O 6. O-O c6 7. Nc3 e6 8. Ne5 Nbd7 9. Bf4 Nxe5 10. Bxe5 Nd7 11. Bxg7 Kxg7 12. cxd5 exd5 13. e4 dxe4 14. Nxe4 Nf6 15. Nc5 Nd5 16. Qb3 b6 17. Ne4 Be6 18. Qc2 Rc8 19. Rac1 Qd7 20. Qa4 h6 21. Rfd1 f5 22. Nd2 f4 23. Nf3 fxg3 24. hxg3 Qd6 25. Ne5 c5 26. Qxa7+ Rc7 27. Qa3 Rd8 28. Qd3 Bf5 29. Qa3 cxd4 30. Qxd6 Rxd6 31. Nc4 Rd8 32. Rxd4 Be6 33. Re1 Bg8 34. Nxb6 Rc5 35. Nxd5 Bxd5 36. Red1 Bxg2 37. Rxd8 Bf3 38. Re1 Rh5 39. Re7+ Kf6 40. Rf8+ Kxe7 41. Rxf3 Ra5 42. a3 Kd6 43. Rc3 h5 44. Kg2 g5 45. Kf3 Ra4 46. Ke3 h4 47. gxh4 gxh4 48. Kf3 Ke5 49. Kg2 Rd4 50. Rc5+ Kd6 51. Rh5 Rd2 52. Rxh4 Rxb2 53. Rc4 Ra2 54. a4 Kd5 55. Rh4 Ke5 56. Kg3 Ra3+ 57. f3 Kf5 58. Rb4 Ke5 59. Rb5+ Kd4 60. a5 Ke3 61. Re5+ Kd4 62. Rf5 Rb3 63. Kg4 Ra3 64. f4 Ke4 65. Re5+ Kd4 66. Kg5 Ra1 67. Kf5 Ra3 68. Rb5 Kc4 69. Re5 Kd4 70. Kf6 Rf3 71. f5 Rh3 72. Re1 Rh6+ 73. Kg5 Ra6 74. Ra1 Ke5 75. Re1+ Kd5 76. Rd1+ Ke5 77. Re1+ Kd5 78. f6 Rxa5 79. f7 Kd4+ 80. Kf6 Ra8 81. Kg7 Ra7 82. Kg8 Rxf7 83. Kxf7 Kd5 84. Re6 Kd4 85. Kf6 Kd5 86. Kf5 Kc5 87. Re5+ Kd6 88. Ke4 Kc6 89. Kd4 Kd6 90. Rh5 Ke6 91. Rd5 Kf6 92. Re5 Kf7 93. Ke4 Kf6 94. Kf4 Kf7 95. Kf5 Kg7 96. Re7+ Kf8 97. Rb7 Ke8 98. Ke6 Kd8 99. Re7 Kc8 100. Rd7 Kb8 101. Kd6 Ka8 102. Kc6 Kb8 103. Rd4 Ka7 104. Ra4+ Kb8 105. Ra1 Kc8 106. Ra8# 1-0


[Site "https://www.chess.com"]

[Event "Titled Tuesday Blitz November 08 Late 2022"]
[White "Rodriguez Santiago, Jaime"]
[Black "Myers, Dominique"]
[WhiteFideId "3100898"]
[BlackFideId "2041715"]
[WhiteElo "2025"]
[BlackElo "1986"]
[Result "0-1"]
[Round "09"]
[TimeControl "180+1"]
[Date "2022.11.09"]
[WhiteClock "0:00:34"]
[BlackClock "0:00:52"]

1. c4 Nf6 2. Nc3 e6 3. e4 d5 4. e5 Nfd7 5. d4 dxc4 6. Bxc4 Nb6 7. Be2 c5 8. Nf3 Nc6 9. dxc5 Qxd1+ 10. Bxd1 Bxc5 11. O-O O-O 12. Re1 Rd8 13. Bc2 Bd7 14. Bg5 Be7 15. Bxe7 Nxe7 16. Ne4 Bc6 17. Nd6 Rd7 18. Nd4 Bd5 19. a4 Rc7 20. Bd3 a6 21. a5 Nd7 22. Rac1 Rxc1 23. Rxc1 Nxe5 24. Bf1 N7c6 25. Nxc6 Bxc6 26. f4 Nd7 27. b4 Nf6 28. b5 axb5 29. Bxb5 Bd5 30. g3 h5 31. Rc7 Rxa5 32. Nxf7 Rxb5 33. Ng5 Rb1+ 34. Kf2 Ng4+ 35. Ke2 Rb2+ 36. Kd3 g6 37. h3 Nf2+ 38. Kd4 Bc6 39. Ke5 Kf8 40. Nxe6+ Ke8 41. Kf6 Ne4+ 42. Kxg6 Nd6 43. f5 Re2 44. g4 hxg4 45. hxg4 Bd7 46. Ng7+ Kd8 47. Rc2 Rxc2 0-1


[Site "https://www.chess.com"]

[Event "Titled Tuesday Blitz November 08 Late 2022"]
[White "Romanchuk, Viktor"]
[Black "Veiga, Jose Francisco R P Neves"]
[WhiteFideId "14109271"]
[BlackFideId "1930087"]
[WhiteElo "2242"]
[BlackElo "2320"]
[Result "0-1"]
[Round "09"]
[TimeControl "180+1"]
[Date "2022.11.09"]
[WhiteClock "0:02:27"]
[BlackClock "0:02:23"]

1. d4 Nf6 2. c4 g6 3. Nc3 d5 4. Nf3 Bg7 5. Bf4 O-O 6. Rc1 c5 7. dxc5 dxc4 8. Qxd8 Rxd8 9. e3 Nbd7 10. c6 bxc6 11. Bxc4 Nb6 12. Be2 Nbd5 13. Be5 Be6 14. Nd4 Nxc3 15. Nxe6 Nxe2 16. Nxd8 Nxc1 17. Nxc6 Nd3+ 0-1


[Site "https://www.chess.com"]

[Event "Titled Tuesday Blitz November 08 Late 2022"]
[White "Salman, Pavel"]
[Black "Polster, Christian"]
[WhiteFideId "24153753"]
[BlackFideId "12965081"]
[WhiteElo "2187"]
[BlackElo "2209"]
[Result "0-1"]
[Round "09"]
[TimeControl "180+1"]
[Date "2022.11.09"]
[WhiteClock "0:02:18"]
[BlackClock "0:01:22"]

1. d4 Nf6 2. Nc3 d5 3. Bf4 c6 4. e3 Bf5 5. f3 h6 6. g4 Bh7 7. Bd3 Bxd3 8. Qxd3 Nbd7 9. e4 dxe4 10. Nxe4 Nxe4 11. fxe4 e5 12. Bxe5 Nxe5 13. dxe5 Qa5+ 14. Qd2 Qxe5 15. O-O-O Qe6 16. Nf3 Be7 17. Nd4 Qxa2 18. Nb3 Bg5 19. h4 Bxd2+ 20. Rxd2 a5 0-1


[Site "https://www.chess.com"]

[Event "Titled Tuesday Blitz November 08 Late 2022"]
[White "Sanchez, Robert"]
[Black "Khandelwal, Ankush"]
[WhiteFideId "2034360"]
[BlackFideId "413470"]
[WhiteElo "2288"]
[BlackElo "2271"]
[Result "0-1"]
[Round "09"]
[TimeControl "180+1"]
[Date "2022.11.09"]
[WhiteClock "0:00:20"]
[BlackClock "0:00:12"]

1. e4 c5 2. Nf3 d6 3. d4 cxd4 4. Nxd4 Nf6 5. Nc3 a6 6. Be3 e5 7. Nb3 Be7 8. f3 Be6 9. Qd2 h5 10. O-O-O Nbd7 11. Kb1 Rc8 12. h3 h4 13. Be2 b5 14. a3 Nb6 15. Na5 Nc4 16. Nxc4 Bxc4 17. Bxc4 Rxc4 18. Bg5 Rd4 19. Qc1 b4 20. Rxd4 exd4 21. Bxf6 Bxf6 22. Nd5 bxa3 23. bxa3 O-O 24. Rd1 g6 25. Rd3 Bg7 26. Ka2 Qa5 27. Qd2 Qa4 28. Rb3 Kh7 29. Qg5 Rc8 30. Qxh4+ Bh6 31. Qf2 d3 32. cxd3 Rc1 33. Qb2 Qc6 34. Nf6+ Kh8 35. Rb8+ 0-1


[Site "https://www.chess.com"]

[Event "Titled Tuesday Blitz November 08 Late 2022"]
[White "Sargsyan, Anna M."]
[Black "Moskvin, Anatoly"]
[WhiteFideId "13308130"]
[BlackFideId "24199990"]
[WhiteElo "2675"]
[BlackElo "2479"]
[Result "0-1"]
[Round "09"]
[TimeControl "180+1"]
[Date "2022.11.09"]
[WhiteClock "0:00:02"]
[BlackClock "0:00:05"]

1. d4 Nf6 2. c4 c5 3. d5 b5 4. Qc2 bxc4 5. e4 d6 6. Bxc4 g6 7. Nc3 Bg7 8. h3 O-O 9. Nf3 Nbd7 10. O-O Nb6 11. Be2 a5 12. Be3 a4 13. Rac1 Nfd7 14. Rfd1 Ba6 15. Bxa6 Rxa6 16. Ne2 Qa8 17. Bd2 f5 18. Bc3 fxe4 19. Qxe4 e5 20. Qg4 Re8 21. Ng3 Nf6 22. Qh4 Nbxd5 23. Ng5 Nf4 24. f3 h6 25. N5e4 Nxe4 26. fxe4 Rf8 27. Rd2 h5 28. Nf1 Bf6 29. Qe1 d5 30. exd5 Nxd5 31. Bxe5 Re6 32. Qg3 Bxe5 33. Qg5 Nf4 0-1


[Site "https://www.chess.com"]

[Event "Titled Tuesday Blitz November 08 Late 2022"]
[White "Shapiro, Daniel"]
[Black "Bogaudinov, Rushan"]
[WhiteFideId "2001780"]
[BlackFideId "4129288"]
[WhiteElo "2283"]
[BlackElo "1997"]
[Result "0-1"]
[Round "09"]
[TimeControl "180+1"]
[Date "2022.11.09"]
[WhiteClock "0:00:01"]
[BlackClock "0:00:04"]

1. d4 g6 2. e4 Bg7 3. Nc3 a6 4. a4 d6 5. Be3 Nf6 6. f3 O-O 7. Bc4 Nc6 8. Qd2 e5 9. Nge2 exd4 10. Nxd4 Ne5 11. Ba2 c5 12. Nde2 Be6 13. Bh6 Bxa2 14. Rxa2 Nc4 15. Qc1 Bxh6 16. Qxh6 d5 17. O-O dxe4 18. fxe4 Re8 19. b3 Nd6 20. Qf4 Re6 21. Ng3 Qe7 22. Nd5 Nxd5 23. exd5 Re5 24. Raa1 Rxd5 25. Rae1 Qd7 26. Re5 Rxe5 27. Qxe5 Re8 28. Qxc5 Ne4 29. Nxe4 Rxe4 30. Qf2 f5 31. h3 Qe6 32. Rd1 Qe7 33. Kh1 Re2 34. Qd4 h5 35. Qd8+ Kf7 36. Qd7 Re1+ 37. Kh2 Qxd7 38. Rxd7+ Re7 39. Rxe7+ Kxe7 40. Kg3 Kf6 41. Kf3 Ke5 42. h4 a5 43. g3 Kd4 44. Kf4 Kc3 45. Kg5 Kxc2 46. Kxg6 Kxb3 47. Kxh5 Kxa4 48. Kg6 b5 49. h5 b4 50. h6 b3 51. h7 b2 52. h8=Q b1=Q 53. Qe8+ Qb5 54. Qe7 Qd5 55. Kf6 Kb3 56. Qe8 a4 0-1


[Site "https://www.chess.com"]

[Event "Titled Tuesday Blitz November 08 Late 2022"]
[White "Souleidis, Georgios"]
[Black "Kobo, Ori"]
[WhiteFideId "4206827"]
[BlackFideId "2812320"]
[WhiteElo "2547"]
[BlackElo "2783"]
[Result "0-1"]
[Round "09"]
[TimeControl "180+1"]
[Date "2022.11.09"]
[WhiteClock "0:00:02"]
[BlackClock "0:00:06"]

1. e4 g6 2. d4 Bg7 3. Nc3 d6 4. Be3 a6 5. g4 Nd7 6. h4 c5 7. h5 Qa5 8. h6 Bxd4 9. Bxd4 cxd4 10. Qxd4 Ngf6 11. f3 Qc5 12. Qd2 Ne5 13. O-O-O Be6 14. Kb1 Rc8 15. Be2 b5 16. Nh3 b4 17. Na4 Qc6 18. b3 O-O 19. Nf4 Bc4 20. g5 Nfd7 21. Nd5 Rfe8 22. f4 Bxe2 23. Qxe2 e6 24. Nxb4 Qb7 25. fxe5 Qxb4 26. exd6 Rc6 27. e5 Rec8 28. Rd2 Qb5 29. Re1 Qb4 30. Nb2 Qc3 31. Qd3 Qc5 32. Qe3 Qb5 33. c4 Qb7 34. Qf4 Rf8 35. Rf1 a5 0-1


[Site "https://www.chess.com"]

[Event "Titled Tuesday Blitz November 08 Late 2022"]
[White "Steen, Bobby"]
[Black "Desideri, Ricardo Maruchi"]
[WhiteFideId "2053870"]
[BlackFideId "2110440"]
[WhiteElo "2129"]
[BlackElo "1945"]
[Result "1-0"]
[Round "09"]
[TimeControl "180+1"]
[Date "2022.11.09"]
[WhiteClock "0:00:40"]
[BlackClock "0:00:01"]

1. e4 c5 2. Nf3 d6 3. d4 cxd4 4. Nxd4 Nf6 5. Nc3 a6 6. Bg5 Nbd7 7. f4 Qc7 8. Qf3 h6 9. Bxf6 Nxf6 10. h3 e6 11. g4 b5 12. g5 hxg5 13. fxg5 Nh5 14. g6 f6 15. Qg4 b4 16. Nxe6 Qe7 17. Nd5 Bxe6 18. Qxe6 Qxe6 19. Nc7+ Kd7 20. Nxe6 Kxe6 21. Bc4+ Kd7 22. O-O-O Nf4 23. h4 Nxg6 24. Bd5 Rc8 25. h5 Ne5 26. Bb7 Rc7 27. Bxa6 Be7 28. Bb5+ Kd8 29. Rdg1 Bf8 30. h6 gxh6 31. Rh5 Ke7 32. Rf5 Rc5 33. Be2 h5 34. Bxh5 Bh6+ 35. Kd1 Bg5 36. Be2 Rh2 37. a4 bxa3 38. bxa3 Ra5 39. Rg3 Rh1+ 40. Rf1 Rxf1+ 41. Bxf1 Rc5 42. a4 Nc4 43. Rc3 Ne3+ 44. Kd2 Rxc3 45. Kxc3 Nxf1 46. a5 1-0


[Site "https://www.chess.com"]

[Event "Titled Tuesday Blitz November 08 Late 2022"]
[White "Storey, Charles H"]
[Black "Ardila, Oscar Humberto"]
[WhiteFideId "406686"]
[BlackFideId "4404742"]
[WhiteElo "2252"]
[BlackElo "1959"]
[Result "1/2-1/2"]
[Round "09"]
[TimeControl "180+1"]
[Date "2022.11.09"]
[WhiteClock "0:00:03"]
[BlackClock "0:00:07"]

1. d4 Nf6 2. c4 e6 3. Nc3 Bb4 4. Nf3 Bxc3+ 5. bxc3 O-O 6. Bg5 h6 7. Bh4 d6 8. e4 e5 9. Bd3 Qe7 10. O-O Bg4 11. h3 Bh5 12. g4 Bg6 13. Re1 Nbd7 14. Nd2 Bh7 15. f3 g5 16. Bg3 c5 17. d5 Rfe8 18. Nf1 Nf8 19. Ne3 Qc7 20. Nf5 Bxf5 21. gxf5 Kg7 22. Qd2 Nh5 23. Bh2 Nh7 24. Kh1 Nf4 25. Bxf4 gxf4 26. h4 Qe7 27. Qh2 Kh8 28. Rg1 Rg8 29. Rg4 Nf6 30. Rag1 Nh5 31. Rxg8+ Rxg8 32. Rxg8+ Kxg8 33. Qh3 Ng3+ 34. Kg2 h5 35. Kf2 f6 36. Kg2 Qc7 37. Kh2 Qa5 38. Qg2 Qxc3 39. Bf1 Qe1 40. Bd3 Qe3 41. Bf1 Qd4 42. a4 Qa1 43. Bd3 Qa3 44. Bf1 Qxa4 45. Kh3 Qa1 46. Bd3 a6 47. Qh2 Qe1 48. Qg2 Qe3 49. Bc2 b5 50. cxb5 axb5 51. Bd1 c4 52. Qa2 Nf1 53. Qa8+ Kg7 54. Qb7+ Kh6 55. Qf7 Qg1 56. Qxf6+ Kh7 57. Qf7+ Kh8 58. Qxh5+ Kg7 59. Qg5+ Qxg5 60. hxg5 b4 61. f6+ Kf7 62. Ba4 b3 63. Bd7 Ng3 64. Be6+ Kg6 65. Bf5+ Kf7 66. Be6+ Kg6 67. Bf5+ Kf7 68. Be6+ 1/2-1/2


[Site "https://www.chess.com"]

[Event "Titled Tuesday Blitz November 08 Late 2022"]
[White "Stoyanov, Tsvetan"]
[Black "Viana Da Costa, Fernando"]
[WhiteFideId "2917173"]
[BlackFideId "2111900"]
[WhiteElo "2349"]
[BlackElo "2259"]
[Result "1-0"]
[Round "09"]
[TimeControl "180+1"]
[Date "2022.11.08"]
[WhiteClock "0:00:05"]
[BlackClock "0:00:05"]

1. e4 c5 2. Nf3 Nc6 3. d4 cxd4 4. Nxd4 g6 5. c4 Nf6 6. Nc3 d6 7. Be2 Nxd4 8. Qxd4 Bg7 9. O-O O-O 10. Bg5 Be6 11. Qe3 Qa5 12. Rac1 Rfc8 13. b3 a6 14. f4 Qc5 15. Qxc5 Rxc5 16. Bh4 Bd7 17. b4 Rcc8 18. e5 dxe5 19. fxe5 Ng4 20. Nd5 Nxe5 21. Nxe7+ Kh8 22. Nxc8 Rxc8 23. Bf6 Be6 24. Bxg7+ Kxg7 25. Rf4 Rd8 26. Re4 f6 27. Rd1 Rxd1+ 28. Bxd1 Bxc4 29. a4 Kf7 30. Rd4 Ke7 31. Kf2 Be6 32. Bf3 b6 33. Bb7 a5 34. bxa5 bxa5 35. Rd2 Bd7 36. Rd4 Be6 37. Ba6 Nc6 38. Rd2 Nb4 39. Bb5 g5 40. Ke3 f5 41. Kd4 Kf6 42. Kc5 f4 43. Kb6 Nd5+ 44. Kxa5 g4 45. Bc4 Ne3 46. Bxe6 Kxe6 47. Kb5 Ke5 48. a5 Nd5 49. Rxd5+ Kxd5 50. a6 f3 51. gxf3 gxf3 52. a7 f2 53. a8=Q+ Kd4 54. Qf8 Ke3 55. Qe7+ Kd2 56. Qg5+ Ke1 57. Qe5+ Kd1 58. Qd4+ Ke2 59. Qe4+ Kf1 60. Kc4 Kg1 61. Qg4+ Kxh2 62. Qf3 Kg1 63. Qg3+ Kf1 64. Kd3 h5 65. Ke3 1-0


[Site "https://www.chess.com"]

[Event "Titled Tuesday Blitz November 08 Late 2022"]
[White "Swiercz, Dariusz"]
[Black "Fernandez Guillen, Ernesto J."]
[WhiteFideId "1126881"]
[BlackFideId "3512428"]
[WhiteElo "2627"]
[BlackElo "2450"]
[Result "0-1"]
[Round "09"]
[TimeControl "180+1"]
[Date "2022.11.08"]
[WhiteClock "0:00:12"]
[BlackClock "0:00:09"]

1. d4 Nf6 2. Bg5 g6 3. Bxf6 exf6 4. e3 Bg7 5. g3 O-O 6. Bg2 c6 7. c4 d6 8. Nc3 f5 9. h4 Re8 10. h5 Nd7 11. Nge2 Nf6 12. hxg6 hxg6 13. Qc2 Be6 14. b3 a5 15. Nf4 Bd7 16. a3 Qe7 17. Kf1 Ne4 18. Rd1 a4 19. b4 Nxc3 20. Qxc3 g5 21. Nh5 Bh8 22. Qc2 b5 23. cxb5 cxb5 24. Bxa8 Rxa8 25. Rc1 Qe8 26. Qd3 Rc8 27. Rxc8 Qxc8 28. Kg2 Qb7+ 29. d5 Qc8 30. g4 fxg4 31. Ng3 f5 32. Ne2 Qc4 33. Qxc4 bxc4 34. Rc1 Bb5 35. Nc3 Bxc3 36. Rxc3 Kg7 37. Kf1 Kf6 38. Ke2 Ke5 39. Kd2 Kxd5 40. Rc1 Ke4 41. Kc3 Kf3 42. Rd1 Kxf2 43. Rd5 Bd7 44. Rxd6 Bc8 45. Rg6 g3 46. Rxg5 g2 47. Kxc4 g1=Q 48. Rxg1 Kxg1 49. Kd4 Kf2 50. e4 f4 51. e5 Kg3 52. b5 f3 53. b6 f2 54. e6 f1=Q 55. Kc5 Qf2+ 56. Kd6 Qxb6+ 57. Ke5 Qxe6+ 58. Kd4 Qb3 59. Kc5 Qxa3+ 60. Kb5 Qb3+ 61. Ka5 Bf5 62. Ka6 Bg4 63. Ka5 a3 64. Ka6 a2 65. Ka5 a1=Q# 0-1


[Site "https://www.chess.com"]

[Event "Titled Tuesday Blitz November 08 Late 2022"]
[White "Taboas Rodriguez, Daniel"]
[Black "Musovic, Armin"]
[WhiteFideId "2208466"]
[BlackFideId "939935"]
[WhiteElo "2329"]
[BlackElo "2288"]
[Result "0-1"]
[Round "09"]
[TimeControl "180+1"]
[Date "2022.11.09"]
[WhiteClock "0:00:05"]
[BlackClock "0:00:09"]

1. d4 d5 2. c4 c5 3. cxd5 e6 4. dxe6 Bxe6 5. Nf3 Nc6 6. e3 a6 7. Nc3 Nf6 8. Be2 Be7 9. O-O O-O 10. dxc5 Qa5 11. Bd2 Qxc5 12. Rc1 Rfd8 13. a3 Qf5 14. Qc2 Qh5 15. Rfd1 Bd6 16. Ne4 Nxe4 17. Qxe4 Bf5 18. Qh4 Qg6 19. Bc3 Be4 20. Qh3 h6 21. Nd2 Bf5 22. Qh5 Qh7 23. Nc4 Bc7 24. Bg4 Bc2 25. Rd2 Bg6 26. Qh3 b5 27. Rxd8+ Rxd8 28. Nd2 a5 29. Nf3 b4 30. axb4 axb4 31. Bd4 Bc2 32. Qh5 b3 33. Qc5 Qe4 34. h3 Bd6 35. Qb6 Rb8 36. Qa6 Nxd4 37. Nxd4 Qe5 38. g3 Bc5 39. Nc6 Qxb2 40. Re1 Rf8 41. Qc4 Ba3 42. Nd4 Rb8 43. Bh5 g6 44. Bf3 Bf8 45. Bd5 Kh8 46. Bxf7 Bg7 47. Qc7 Rf8 48. Qe7 Qc3 49. Ne6 Qxe1+ 50. Kg2 Be4+ 51. f3 Qe2+ 52. Kg1 Qxe3+ 53. Kh2 Qf2+ 54. Kh1 Bxf3# 0-1


[Site "https://www.chess.com"]

[Event "Titled Tuesday Blitz November 08 Late 2022"]
[White "Tan, Ralph"]
[Black "Sebag, Marie"]
[WhiteFideId "30966590"]
[BlackFideId "617822"]
[WhiteElo "2059"]
[BlackElo "2440"]
[Result "0-1"]
[Round "09"]
[TimeControl "180+1"]
[Date "2022.11.09"]
[WhiteClock "0:00:06"]
[BlackClock "0:00:07"]

1. Nf3 d5 2. g3 c6 3. Bg2 Bg4 4. Ne5 Bf5 5. O-O Nd7 6. d4 e6 7. c4 Bd6 8. Nxd7 Qxd7 9. Nc3 Nf6 10. cxd5 exd5 11. Re1 O-O 12. b3 Rfe8 13. Bb2 Re7 14. e3 Rae8 15. Ne2 Bh3 16. Qd3 h5 17. Bc3 h4 18. Nf4 Bf5 19. Qf1 Ne4 20. Bxe4 Bxe4 21. f3 Bh7 22. Qf2 Qf5 23. g4 Qc2 24. Qxc2 Bxc2 25. Kf2 f6 26. Ng2 h3 27. Nf4 Kf7 28. Bd2 g5 29. Nxh3 Rh8 30. Kg2 Kg6 31. Rh1 Reh7 32. Nf2 Rxh2+ 33. Rxh2 Rxh2+ 34. Kf1 Bg3 35. Be1 f5 36. Rc1 Bxf2 37. Rxc2 Rh1+ 38. Kg2 Rxe1 39. gxf5+ Kxf5 40. Kxf2 Rh1 41. Kg2 Re1 42. Kf2 Rd1 43. Ke2 Rh1 44. Kd3 Rh3 45. Rf2 Rg3 46. b4 a6 47. a4 Rh3 48. Kd2 Rh1 49. Kd3 Ra1 50. a5 Ra3+ 51. Kd2 Ra4 52. Kc3 Ra3+ 53. Kd2 Rb3 54. Rf1 Rxb4 55. Rc1 Rb5 56. Rc5 Rxc5 57. dxc5 g4 58. fxg4+ Kxg4 59. Kd3 Kg3 60. e4 dxe4+ 61. Kxe4 Kf2 62. Ke5 Ke3 63. Kd6 Kd4 64. Kc7 Kxc5 65. Kxb7 Kb5 66. Kc7 c5 67. Kd6 c4 68. Kd5 c3 69. Kd4 c2 0-1


[Site "https://www.chess.com"]

[Event "Titled Tuesday Blitz November 08 Late 2022"]
[White "Ter-Sahakyan, Samvel"]
[Black "Harvey, Marcus R"]
[WhiteFideId "13302531"]
[BlackFideId "400092"]
[WhiteElo "2584"]
[BlackElo "2457"]
[Result "0-1"]
[Round "09"]
[TimeControl "180+1"]
[Date "2022.11.08"]
[WhiteClock "0:00:13"]
[BlackClock "0:00:06"]

1. d4 Nf6 2. c4 e6 3. Nf3 b6 4. a3 Bb7 5. Bf4 Be7 6. Nc3 Ne4 7. Nxe4 Bxe4 8. e3 f5 9. h4 O-O 10. Ng5 Bb7 11. Qh5 h6 12. Qg6 Bxg5 13. hxg5 Qe8 14. Qxe8 Rxe8 15. gxh6 d6 16. hxg7 Kxg7 17. f3 Nd7 18. Kf2 Rh8 19. Be2 a5 20. Rxh8 Rxh8 21. b4 axb4 22. axb4 Ra8 23. Rxa8 Bxa8 24. b5 Bb7 25. Bg5 Nf6 26. Bxf6+ Kxf6 27. f4 e5 28. Bf3 Bc8 29. Bd5 exd4 30. exd4 Bd7 31. Kg3 Be8 32. Kh4 Bg6 33. Kg3 Bh5 34. Kf2 Bd1 35. Ke3 Bb3 36. Kd3 Bd1 37. Kd2 Bh5 38. Kc3 Be2 39. Kb4 Bd3 40. Bf3 Bf1 41. Kc3 Kg6 42. Kb4 Kf6 43. c5 Ke6 44. Bc6 Be2 45. cxb6 cxb6 46. Kc3 Bh5 47. Kd2 Kf6 48. Kd3 Bf7 49. Bf3 Bb3 50. Kc3 Bf7 51. Be2 Be8 52. Kc4 Bf7+ 53. Kb4 Bd5 54. Bf3 Bxf3 55. gxf3 d5 56. Kc3 Kg6 57. Kd3 Kh5 58. Ke2 Kh4 59. Kf2 Kh3 60. Ke2 Kg2 61. Ke3 Kf1 62. Kd2 Kf2 0-1


[Site "https://www.chess.com"]

[Event "Titled Tuesday Blitz November 08 Late 2022"]
[White "Terry, Renato"]
[Black "Paravyan, David"]
[WhiteFideId "3803457"]
[BlackFideId "4194985"]
[WhiteElo "2577"]
[BlackElo "2546"]
[Result "0-1"]
[Round "09"]
[TimeControl "180+1"]
[Date "2022.11.08"]
[WhiteClock "0:00:02"]
[BlackClock "0:00:28"]

1. Nf3 Nf6 2. d4 g6 3. Bg5 Bg7 4. c3 h6 5. Bh4 c5 6. e3 cxd4 7. exd4 O-O 8. Bd3 Nc6 9. O-O d6 10. Re1 Nh5 11. d5 Ne5 12. Nxe5 dxe5 13. Bf1 Nf4 14. c4 g5 15. Bg3 e6 16. Nc3 exd5 17. cxd5 Bf5 18. Qb3 Qd7 19. Rad1 Rad8 20. f3 a6 21. a4 Rfe8 22. Bf2 Bf8 23. Ne4 Bxe4 24. fxe4 Rc8 25. Rc1 Rxc1 26. Rxc1 Rc8 27. Rxc8 Qxc8 28. g3 Nh5 29. Kg2 Nf6 30. Bd3 Nd7 31. Be2 Qc7 32. Bg4 Nf6 33. Bf5 Ne8 34. Qb6 Qc2 35. Kg1 Nd6 36. g4 Nxf5 37. exf5 Qd1+ 38. Kg2 Qxg4+ 39. Bg3 Qe4+ 40. Kg1 Qxd5 41. Qf6 Bc5+ 42. Kf1 Qf3+ 43. Ke1 Bb4# 0-1


[Site "https://www.chess.com"]

[Event "Titled Tuesday Blitz November 08 Late 2022"]
[White "Therrien, Alex L"]
[Black "Kopacz, Grzegorz"]
[WhiteFideId "412856"]
[BlackFideId "1109880"]
[WhiteElo "2214"]
[BlackElo "2037"]
[Result "0-1"]
[Round "09"]
[TimeControl "180+1"]
[Date "2022.11.09"]
[WhiteClock "0:00:02"]
[BlackClock "0:00:10"]

1. d4 Nf6 2. c4 g6 3. g3 Bg7 4. Bg2 O-O 5. Nc3 c6 6. e4 e6 7. e5 Ne8 8. Ne4 d5 9. cxd5 cxd5 10. Nc3 Bd7 11. Nf3 b5 12. a3 Qb6 13. O-O Nc7 14. Be3 a5 15. b4 axb4 16. axb4 Nc6 17. Qb3 Na6 18. Na2 Rfc8 19. Qb2 Bf8 20. Bd2 Ne7 21. Nc1 Nf5 22. Nd3 Rc4 23. Nc5 Bc6 24. g4 Ne7 25. h3 Nc8 26. Ra5 Nxc5 27. dxc5 Qc7 28. Rxa8 Bxa8 29. Ra1 Bc6 30. Bf1 Bg7 31. Bg5 h6 32. Bf6 Bxf6 33. exf6 Qf4 34. Bxc4 dxc4 35. Ne1 Qe4 36. f3 Qe3+ 37. Qf2 Qc3 38. Rd1 Qxf6 39. Qd4 Qxd4+ 40. Rxd4 Bd5 41. Nc2 Ne7 0-1


[Site "https://www.chess.com"]

[Event "Titled Tuesday Blitz November 08 Late 2022"]
[White "Thomas, Anysia"]
[Black "Vargas, Mauricio"]
[WhiteFideId "670472"]
[BlackFideId "4404572"]
[WhiteElo "2069"]
[BlackElo "2025"]
[Result "0-1"]
[Round "09"]
[TimeControl "180+1"]
[Date "2022.11.09"]
[WhiteClock "0:00:05"]
[BlackClock "0:00:07"]

1. d4 d5 2. c4 e6 3. Nf3 Nf6 4. g3 c6 5. Bg2 Bd6 6. O-O O-O 7. Nbd2 Qe7 8. Qc2 Nbd7 9. e4 dxe4 10. Nxe4 Nxe4 11. Qxe4 e5 12. Re1 f5 13. Qc2 e4 14. Bg5 Qf7 15. Nd2 h6 16. Be3 g5 17. d5 c5 18. f3 exf3 19. Bxf3 Ne5 20. Bg2 b6 21. Nf3 Qg7 22. Rad1 Bd7 23. Bd2 Rae8 24. Bc3 g4 25. Nh4 Qg5 26. Bd2 Qg7 27. Bf4 Nf3+ 28. Nxf3 Bxf4 29. Nh4 Be5 30. b3 Bd4+ 31. Kh1 f4 32. Be4 f3 33. Rf1 Rf6 34. Rde1 h5 35. Bf5 Rxe1 36. Rxe1 f2 37. Rf1 Be8 38. Qe4 Qf8 39. Be6+ Kg7 40. Kg2 Bg6 41. Nxg6 Rxg6 42. Bf5 Rf6 43. Be6 Rf3 44. a3 Re3 45. Qf5 Qxf5 46. Bxf5 Re1 47. Be6 Re4 48. Bf5 Re5 49. Be6 Kf6 50. Rh1 b5 51. Rf1 a6 52. cxb5 axb5 53. a4 c4 54. bxc4 bxc4 55. a5 c3 56. a6 Rxe6 57. dxe6 Kxe6 58. a7 Bxa7 59. Rd1 Bd4 60. Rc1 Kd5 61. Rc2 Kc4 62. Rxf2 Bxf2 63. Kxf2 c2 64. Ke2 c1=Q 65. Kf2 Qc3 0-1


[Site "https://www.chess.com"]

[Event "Titled Tuesday Blitz November 08 Late 2022"]
[White "Tokhirjonova, Gulrukhbegim"]
[Black "Chernomordik, Pavel"]
[WhiteFideId "14203626"]
[BlackFideId "2804530"]
[WhiteElo "2236"]
[BlackElo "2192"]
[Result "1-0"]
[Round "09"]
[TimeControl "180+1"]
[Date "2022.11.09"]
[WhiteClock "0:00:51"]
[BlackClock "0:00:04"]

1. e4 g6 2. d4 Bg7 3. Nc3 d6 4. Be3 a6 5. a4 b6 6. Bd3 Bb7 7. Nf3 Nd7 8. O-O e6 9. Re1 Ne7 10. Qd2 h6 11. h3 g5 12. Nh2 Ng6 13. e5 dxe5 14. Bxg6 fxg6 15. Qd3 O-O 16. Qxg6 Qf6 17. Qxf6 Bxf6 18. dxe5 Nxe5 19. Ng4 Nxg4 20. hxg4 Rad8 21. Rad1 Rxd1 22. Rxd1 Rd8 23. Rxd8+ Bxd8 24. f3 Bf6 25. Nd1 Bc6 26. b3 Kf7 27. Kf2 Ke7 28. Ke2 Kd6 29. Kd3 Be8 30. Nf2 b5 31. Ne4+ Ke7 32. Bc5+ Kf7 33. axb5 axb5 34. Bd4 Be7 35. Be5 Bd8 36. Kd4 Bd7 37. Nc5 Bc6 38. Na6 Bb7 39. Nxc7 Bxc7 40. Bxc7 b4 41. Bd6 Ba6 42. Bxb4 Bf1 43. g3 Be2 44. Ke3 Bd1 45. Bc3 Bxc2 46. b4 Ba4 47. f4 Bb5 48. Be5 Kg6 49. Bd6 Kf6 50. Bc7 Kg6 51. Bd8 Bc6 52. Kd4 Bf3 53. fxg5 hxg5 54. b5 Bxg4 55. b6 Bf3 56. Ke5 1-0


[Site "https://www.chess.com"]

[Event "Titled Tuesday Blitz November 08 Late 2022"]
[White "Tsukerman, Julia"]
[Black "Yanayt, Eugene"]
[WhiteFideId "2621649"]
[BlackFideId "2020165"]
[WhiteElo "1667"]
[BlackElo "2046"]
[Result "1-0"]
[Round "09"]
[TimeControl "180+1"]
[Date "2022.11.09"]
[WhiteClock "0:00:36"]
[BlackClock "0:01:18"]

1. e4 c5 2. Nf3 d6 3. d4 cxd4 4. Nxd4 Nf6 5. Nc3 g6 6. Be3 Bg7 7. f3 O-O 8. Qd2 Nc6 9. O-O-O Nxd4 10. Bxd4 Qa5 11. Kb1 Rd8 12. Bc4 Be6 13. Bxe6 fxe6 14. g4 e5 15. Be3 e6 16. g5 Ne8 17. h4 b5 18. h5 b4 19. Ne2 Nc7 20. hxg6 hxg6 21. Nc1 Nb5 22. Nb3 Qa4 23. Qh2 Rac8 24. f4 exf4 25. Bxf4 Rc6 26. Bc1 Rd7 27. Qh7+ Kf8 28. Rdf1+ Ke8 29. Qg8+ Ke7 30. Rf7# 1-0


[Site "https://www.chess.com"]